Schmensch, lawful female dwarven Valkyrie ------- |.....| |.----| |.....| |.---.| | 2 N 112 13 | |.<.|.|}------ ------.------ ------}| |----.|}}}}}}| +.....EeO...| 4 |}}}}}}- |.....|.....}| |.N..cH.O...| 1 |}...... |.----|.....}| ---|........O..|--------+--------|}.....- |.|.[`|.....}+...{..T.- @ R @.E-....@@@).\@-.^...^...^...^`.^-......| |.|.|.|.....}| ---|..@@...@.T.|--------%--------|}.....| |.|.|.......}| |...O..@OM..|*******|%|))).*).|}.....| |.|.|--}}}}}}| @......H.@O...|*******-.-)).)).)|}}}}}}| |.|.| |}------ ---------@-----------------------------}| |.|.|.|}| 2 @ 12 2 |}| |)|..)|}| ------------------------------------------------- |}| |[---.|}-------}}}}}}}}}}}}}}}}}}}}}}}}}}}}}}}}}}}}}}}}}}}}}}}-------}| |.....|}}}}}}}}}.............................................}}}}}}}}}| ----------------------------------------------------------------------- Schmensch the Swashbuckler Experience level: 20 Strength: 18/52 Dexterity: 18 Constitution: 20 Intelligence: 11 Wisdom: 12 Charisma: 9 Health: 216(220) Energy: 27(27) Def: 12 Gold: 0 Moves: 41710 Dungeon seed: rWC-CLXBziYN3oZS Game ID: Schmensch_1669894382 Your Inventory: Amulets O - an uncursed amulet of unchanging (being worn) Weapons k - the blessed rustproof +1 Excalibur (weapon in hand) J - an uncursed +0 silver saber (wielded in other hand) Armor n - an uncursed +1 elven leather helm (being worn) r - an uncursed +0 cloak of protection (being worn) x - an uncursed +0 bronze plate mail (being worn) z - an uncursed +0 Hawaiian shirt (being worn) N - a blessed very rusty corroded +1 pair of kicking boots (being worn) R - an uncursed burnt +0 pair of leather gloves (being worn) Rings C - an uncursed ring of regeneration M - an uncursed ring of levitation (on left hand) Tools a - an uncursed skeleton key e - the blessed Orb of Fate (0:5) f - the uncursed Bell of Opening named Bell of Opening (0:3) v - an uncursed +0 unicorn horn y - an uncursed bag of holding Contents of the bag of holding: 18334 gold pieces 2 uncursed +0 daggers an uncursed thoroughly corroded -3 dagger named Puddingbane a blessed +1 orcish dagger an uncursed rotted +3 small shield an uncursed candy bar an uncursed carrot 2 uncursed tins of cave spider meat an uncursed tripe ration 2 uncursed scrolls of blank paper a cursed scroll of blank paper an uncursed scroll of charging 4 uncursed scrolls of create monster a cursed scroll of create monster 2 uncursed scrolls of destroy armor an uncursed scroll of earth 4 uncursed scrolls of enchant armor a blessed scroll of fire an uncursed scroll of fire a blessed scroll of food detection an uncursed scroll of gold detection a cursed scroll of light an uncursed scroll of magic mapping an uncursed scroll of punishment 2 blessed scrolls of remove curse an uncursed scroll of remove curse an uncursed scroll of scare monster a blessed scroll of teleportation 4 uncursed scrolls of teleportation a blessed potion of enlightenment an uncursed potion of fruit juice 3 uncursed potions of full healing an uncursed potion of gain ability a blessed potion of gain energy an uncursed potion of invisibility a blessed potion of monster detection an uncursed potion of monster detection an uncursed potion of restore ability 2 cursed potions of sleeping a blessed potion of speed an uncursed potion of speed a potion of unholy water 20 uncursed potions of water an uncursed ring of free action a cursed ring of polymorph an uncursed ring of sustain ability a cursed ring of sustain ability an uncursed wand of cold (0:0) an uncursed wand of digging (0:7) an uncursed wand of digging (0:6) a blessed wand of digging (0:5) an uncursed wand of digging (0:4) an uncursed wand of fire (0:4) an uncursed wand of light (0:15) an uncursed wand of lightning (0:8) an uncursed wand of lightning (0:3) an uncursed wand of lightning (0:0) an uncursed wand of magic missile (0:0) a blessed wand of opening (0:6) an uncursed wand of sleep (0:4) an uncursed wand of sleep (0:0) an uncursed wand of speed monster (0:3) an uncursed wand of striking (0:6) an uncursed wand of striking (0:4) an uncursed wand of striking (0:1) an uncursed wand of striking (0:0) a blessed wand of teleportation (0:6) an uncursed wand of teleportation (0:6) an uncursed blindfold an uncursed magic lamp an uncursed magic marker (1:6) an uncursed mirror 6 blessed tallow candles (0:200) Spells and supernatural/magical abilities: Name Level Category Fail Memory W - pray for help -- divine ? -- Your skills at the end: Fighting Skills two weapon combat [Skilled] Weapon Skills dagger [Basic] long sword [Expert] hammer [Expert] Spellcasting Skills Final Attributes: You were piously aligned. You were fire resistant. You were cold resistant. You were shock resistant. You were poison resistant. You were level-drain resistant. You were telepathic. You were warned. You had automatic searching. You had infravision. You were stealthy. You were levitating. You were protected. You could not change from your current form. You were fast. You were wielding two weapons at once. You were lucky. You had extra luck. Good luck did not time out for you. You are dead. Vanquished creatures: Medusa an iron golem 2 purple worms a silver dragon a red dragon a white dragon a yellow dragon a minotaur 2 jabberwocks Lord Surtur a baluchitherium 4 stone golems a vampire lord 2 captains 2 lurkers above a frost giant 255 black puddings 2 vampires a ghost 4 lieutenants a queen bee 5 giant mimics 17 fire giants 3 ogre kings 3 ice trolls an Elvenking 4 large mimics 2 long worms 6 stalkers 3 air elementals 2 fire elementals 2 earth elementals a water elemental 4 hill giants a giant mummy 2 black nagas a xorn a giant zombie 4 elf-lords 5 sergeants 3 water demons 4 wargs 2 small mimics a glass piercer 2 warhorses 3 xans 3 ettin mummies 4 quantum mechanics 2 trolls a sasquatch a djinni 4 sharks 2 electric eels 4 gelatinous cubes a pyrolisk 5 large dogs 7 freezing spheres 2 flaming spheres 2 shocking spheres 3 tigers 4 gargoyles a dwarf king 4 tengu 6 ochre jellies 3 leocrottas a mountain centaur 5 stone giants an elf mummy a human mummy 2 red nagas 3 pythons 2 cobras 3 wraiths 2 carnivorous apes 2 ettin zombies a Grey-elf 33 soldiers 2 succubi an incubus 2 chameleons a crocodile 12 giant beetles a quivering blob 6 cockatrices 9 wolves a winter wolf cub a lynx a panther 7 gremlins a spotted jelly 18 leprechauns 2 orc-captains 3 iron piercers a mumak 8 giant spiders 4 scorpions 5 horses an ice vortex a black light 3 vampire bats a gnome king an orc mummy 2 dwarf mummies an ogre 23 brown puddings 5 rust monsters 3 owlbears 6 yetis 3 gold golems a werewolf a Green-elf 3 giant eels 5 lizards a warrior 2 chickatrices 3 dogs 4 dingos 2 housecats 2 jaguars a blue jelly a gray unicorn a black unicorn 3 dust vortices 3 ravens 3 plains centaurs 3 gnome mummies 3 snakes 11 apes 7 human zombies a rope golem 2 Woodland-elves 11 soldier ants 65 fire ants 5 bugbears 5 imps 5 quasits 2 wood nymphs 3 water nymphs a mountain nymph 13 Uruk-hai 3 orc shamans 5 rock piercers 2 rock moles 7 ponies 3 fog clouds 11 yellow lights 3 shriekers 5 violet fungi 2 gnome lords 2 gnomish wizards 4 kobold mummies a golden naga hatchling 2 guardian naga hatchlings 3 gray oozes a barrow wight an elf zombie 4 ghouls a straw golem a paper golem 15 giant ants 3 little dogs 10 floating eyes 3 kittens 4 dwarves 4 homunculi a kobold lord 2 kobold shamans 12 hill orcs 26 rothes 4 rabid rats a centipede 3 giant bats 4 orc zombies 6 dwarf zombies 2 wererats a werejackal 12 iguanas 44 killer bees 3 acid blobs 15 coyotes 4 gas spores 2 hobbits 2 manes a large kobold 9 hobgoblins 5 giant rats 17 cave spiders 5 brown molds 6 yellow molds 5 green molds 2 red molds 12 gnomes 12 garter snakes 2 gnome zombies 8 geckos 8 jackals a fox a kobold 5 goblins 8 sewer rats 15 grid bugs 7 bats 13 lichens 6 kobold zombies 10 newts 1194 creatures vanquished. Genocided species: mind flayers master mind flayers liches demiliches master liches arch-liches 6 species genocided. Voluntary challenges: You had been an atheist until turn 3143. You used a wielded weapon 5993 times, starting on turn 110. You read items or engraved 121 times, starting on turn 524. You genocided 6 types of monsters, starting on turn 20684. You never polymorphed an object. You never changed form. You used no wishes. You split 1533 puddings, starting on turn 18158. You wrote Elbereth's name 66 times, starting on turn 524. You violated your moral code, losing 242 points of alignment, starting on turn 9169. Dungeon overview: The Dungeons of Doom: levels 1 to 25 Level 1 a fountain a long staircase Level 2 a general store Level 3 a general store, a fountain stairs to The Gnomish Mines Level 4 Level 5 Level 6 a general store Level 7 some fountains Level 8 a general store, an altar to Loki stairs to Sokoban Level 9 Level 10 Level 11 a sink Level 12 some fountains, a sink Level 13 an altar to Loki Level 14 portal to The Quest Level 15 Level 16 some sinks Level 17 a general store Level 18 Level 19 a fountain Level 20 Level 21 a sink Level 22 an altar to Loki Level 23 Level 24 Level 25 <- You were here a fountain, a throne The Gnomish Mines: levels 4 to 12 Level 4 stairs to The Dungeons of Doom Level 5 Level 6 many shops, a temple to Odin, some fountains Level 7 Level 8 Level 9 Level 10 Level 11 Level 12 some fountains The Quest: levels 1 to 6 Level 1 a fountain portal to The Dungeons of Doom Level 2 Level 3 Level 4 Level 5 Level 6 Sokoban: levels 4 to 7 Level 4 Level 5 Level 6 Level 7 stairs to The Dungeons of Doom History has recorded: On T:1 you entered the Dungeons of Doom to retrieve the Amulet of Yendor! On T:446 you reached level 2 of The Dungeons of Doom. On T:1047 you advanced to experience level 2. On T:1227 you reached level 3 of The Dungeons of Doom. On T:1356 you advanced to experience level 3. On T:1404 you advanced to experience level 4. On T:1594 you advanced to experience level 5. On T:1774 you reached level 4 of The Dungeons of Doom. On T:2305 you reached level 5 of The Dungeons of Doom. On T:2875 you reached level 6 of The Dungeons of Doom. On T:3747 you advanced to experience level 6. On T:3790 you reached level 7 of The Dungeons of Doom. On T:4644 you advanced to experience level 7. On T:4731 you reached level 8 of The Dungeons of Doom. On T:5397 you reached level 4 of Sokoban. On T:5950 you advanced to experience level 8. On T:6034 you reached level 1 of The Gnomish Mines. On T:6121 you reached level 2 of The Gnomish Mines. On T:6426 you reached level 3 of The Gnomish Mines. On T:8065 you reached level 4 of The Gnomish Mines. On T:8359 you reached level 5 of The Gnomish Mines. On T:8601 you reached level 6 of The Gnomish Mines. On T:8852 you reached level 7 of The Gnomish Mines. On T:9479 you advanced to experience level 9. On T:10162 you reached level 8 of The Gnomish Mines. On T:10261 you reached level 9 of The Gnomish Mines. On T:12783 you advanced to experience level 10. On T:13472 you reached level 3 of Sokoban. On T:14638 you reached level 2 of Sokoban. On T:15254 you reached level 1 of Sokoban. On T:17030 you reached level 9 of The Dungeons of Doom. On T:17376 you reached level 10 of The Dungeons of Doom. On T:17751 you reached level 11 of The Dungeons of Doom. On T:18215 you advanced to experience level 11. On T:18935 you advanced to experience level 12. On T:19782 you advanced to experience level 13. On T:21065 you advanced to experience level 14. On T:24009 you advanced to experience level 15. On T:29164 you advanced to experience level 16. On T:29165 you advanced to experience level 17. On T:29167 you advanced to experience level 18. On T:30910 you reached level 12 of The Dungeons of Doom. On T:31437 you reached level 13 of The Dungeons of Doom. On T:31704 you advanced to experience level 19. On T:32094 you reached level 14 of The Dungeons of Doom. On T:32945 you reached level 1 of The Quest. On T:33047 you embarked upon an epic quest. On T:33132 you reached level 2 of The Quest. On T:33276 you reached level 3 of The Quest. On T:33654 you reached level 4 of The Quest. On T:33736 you reached level 5 of The Quest. On T:33839 you reached level 6 of The Quest. On T:33995 you killed Lord Surtur on level 6 of The Quest. On T:34475 you completed the quest! On T:34555 you reached level 15 of The Dungeons of Doom. On T:35442 you reached level 16 of The Dungeons of Doom. On T:35669 you advanced to experience level 20. On T:36297 you reached level 17 of The Dungeons of Doom. On T:36410 you reached level 18 of The Dungeons of Doom. On T:37614 you reached level 19 of The Dungeons of Doom. On T:37709 you reached level 20 of The Dungeons of Doom. On T:38805 you reached level 21 of The Dungeons of Doom. On T:39198 you reached level 22 of The Dungeons of Doom. On T:39749 you reached level 23 of The Dungeons of Doom. On T:40167 you reached level 24 of The Dungeons of Doom. On T:40189 you killed Medusa on level 24 of The Dungeons of Doom. On T:41221 you reached The Castle. Score breakdown: Gold: 18334 (14502 points) Experience: 20 levels (24282 points) Exploration: 25 levels ( 52.08%) (21437 points) Discoveries: 95 items ( 38.62%) (18642 points) Valuables value: (no points given unless you survive) Artifact value: 12500 (13936 points) Variety of kills: 205 monsters ( 53.81%) (22005 points) Turncount: 41710 turns (-4488 points) Survival: died (score multiplied by 80%) Total score: 88252 Latest messages: You hit the frost giant! (2x) The frost giant hits! You hit the frost giant! You kill the frost giant! You don't have enough leverage to push the boulder. (2x) A trap door opens up under you! You don't fall in. A trap door opens up under you! You don't fall in. A trap door opens up under you! You don't fall in. This door is locked. That door is closed. You succeed in unlocking the door. The door opens. You enter an opulent throne room! The soldier wields a guisarme! The soldier throws a spear! The spear misses the soldier. The spear hits the soldier. The troll hits! (2x) The troll misses. The soldier zaps a pine wand! The soldier is killed by the death ray! The death ray hits you! Final status: Farvel Schmensch the Valkyrie, killed by a death ray... You died in The Dungeons of Doom on dungeon level 25 with 88252 points, and 18334 pieces of gold, after 41710 moves. You were level 20 with a maximum of 220 hit points when you died.